 Dungeon Crawl Stone Soup version 0.31.0-9-g3a7656b989 (webtiles) character file.

Game seed: 13447047912586885529

2170 qw the Skirmisher (level 9, -1/50 HPs)
             Began as a Deep Elf Hunter on Feb 2, 2024.
             Was an Initiate of Okawaru.
             Killed from afar by an electric eel (6 damage)
             ... with a bolt of electricity
             ... on level 7 of the Dungeon.
             The game lasted 00:00:28 (5972 turns).

qw the Skirmisher (Deep Elf Hunter)                 Turns: 5972, Time: 00:00:29

Health: -1/50      AC: 14    Str: 12    XL:     9   Next: 11%
Magic:  11/11      EV: 13    Int: 15    God:    Okawaru [......]
Gold:   65         SH:  0    Dex: 18    Spells: 8/8 levels left

rFire   . . .        f - +0 orcbow (drain)
rCold   . . .        (shield currently unavailable)
rNeg    . . .        i - +0 ring mail
rPois   +            j - +2 helmet
rElec   .            l - +1 cloak
rCorr   .            (no gloves)
SInv    .            (no boots)
Will    .....        g - amulet of regeneration
Stlth   +            c - ring of poison resistance
HPRegen 1.08/turn    e - +4 ring of protection
MPRegen 0.12/turn

%: no passive effects
@: no status effects
A: no striking features
a: Renounce Religion


You were on level 7 of the Dungeon.
You worshipped Okawaru.
Okawaru was noncommittal.
You visited 2 branches of the dungeon, and saw 8 of its levels.

You collected 429 gold pieces.
You spent 364 gold pieces at shops.


   Skills:
 - Level 3.0 Fighting
 + Level 14.6 Ranged Weapons
 - Level 1.7 Armour
 - Level 5.1 Dodging
 - Level 1.2 Stealth


You had 8 spell levels left.
You didn't know any spells.
Your spell library was empty.

Inventory:

Hand Weapons
 f - a +0 orcbow of draining (weapon)
Armour
 i - a +0 ring mail (worn)
 j - a +2 helmet (worn)
 l - a +1 cloak (worn)
Jewellery
 c - a ring of poison resistance (left hand)
 e - a +4 ring of protection (right hand)
 g - an amulet of regeneration (around neck)
Scrolls
 a - 3 scrolls of identify
 h - a scroll of teleportation
Potions
 d - 2 potions of enlightenment

Dungeon Overview and Level Annotations

Branches:
Dungeon (7/15)             Temple (1/1) D:7

Altars:
Ashenzari
Cheibriados
Hepliaklqana
Makhleb
Nemelex Xobeh
Okawaru
Ru
Sif Muna
Uskayaw
Vehumet
Wu Jian
Xom
The Shining One

Shops:
D:6 ?


Message History

You shoot an arrow.
The arrow barely misses the electric eel.
The electric eel shoots out a bolt of lightning at you!
The bolt of electricity hits you.
5966 ||| FLEEEEING.
The electric eel shoots out a bolt of lightning at you!
The bolt of electricity hits you!
5967 ||| FLEEEEING.
An electric eel comes into view.
A hornet comes into view.
The electric eel shoots out a bolt of lightning at you!
The bolt of electricity hits you!
The electric eel shoots out a bolt of lightning at you!
The bolt of electricity misses you.
You shoot an arrow. The arrow misses the electric eel.
The hornet buzzes angrily.
You hear a shout!
You shoot an arrow. The arrow hits the hornet.
The hornet is lightly wounded.
A centaur comes into view.
You shoot an arrow. The arrow misses the hornet.
The electric eel shoots out a bolt of lightning at you!
The bolt of electricity hits you!
The centaur wields a +3 shortbow of flaming.
It bursts into flame!
The centaur shoots an arrow.
The arrow barely misses you.
You shoot an arrow. The arrow closely misses the hornet.
An electric eel comes into view.
An ice beast comes into view.
The hornet stings you!
Enter note: You shoot an arrow.
The arrow hits the hornet.
You drain the hornet.
The hornet is moderately wounded.
The hornet closely misses you.
The electric eel shoots out a bolt of lightning at you!
The bolt of electricity hits you!
The electric eel shoots out a bolt of lightning at you!
The bolt of electricity hits the electric eel.
The electric eel completely resists.
The bolt of electricity hits you.
The electric eel shoots out a bolt of lightning at you!
The bolt of electricity hits you.
You die...

....... ......Y
#.#.##.#.#.#.#..#######
...........~~~...c.~.~
~~~~~~~~~.~~~~~.~~~
7~.~7 7~.~7 7~.~7 7~~~7
7~.~7 7~.~7
777~~~777~~~777~y~777~..
~~~~.~~~~~.~~~~~@~S~~~~.
~~~..~~.~.......~~..~~..
~~~~~~~~~~~~~~~~~~~S~~~.
777~.~777~~~777~~~777S..
7 7~.~7 7~.~7 7~.~7 ~~.
777~~~777~~~7 7~.~7 ~.
~~~~.~~~~~~~~~~~~~~~
..~~~.~~.~..~~....~.~
~~~~~~~~~~~~~~~~~~~~~


You could see a hornet (drained), an ice beast, a centaur and 3 electric eels.

Vanquished Creatures
  Grinder (D:3)
  Menkaure (D:6)
  An ice beast (D:7)
  2 black bears
  2 centaurs
  An ogre (D:6)
  3 scorpions
  A gnoll sergeant (D:4)
  2 bullfrogs
  4 electric eels (D:7)
  2 jellies
  4 hounds
  2 bombardier beetles
  A gnoll bouda (D:4)
  5 orc priests
  2 iguanas
  5 orc wizards
  Robin (D:2)
  4 adders
  8 gnolls
  4 ribbon worms
  4 dart slugs
  18 orcs
  5 endoplasms (D:1)
  2 giant cockroaches (D:3)
  14 goblins
  7 hobgoblins
  6 jackals
  2 kobolds (D:1)
  6 quokkas
  10 ball pythons
  4 bats
  3 frilled lizards
  2 rats
139 creatures vanquished.

Notes
Turn   | Place    | Note
-------+----------+-------------------------------------------
     0 | D:1      | qw the Deep Elf Hunter began the quest for the Orb.
     0 | D:1      | Reached XP level 1. HP: 12/12 MP: 3/3
     0 | D:1      | 0 ||| qw: Version: 0.3-a-155-g5e7d8dd
     0 | D:1      | 0 ||| qw: Game counter: 1511
     0 | D:1      | 0 ||| qw: Melee chars always use a shield: true
     0 | D:1      | 0 ||| qw: God list: Okawaru
     0 | D:1      | 0 ||| qw: Allow faded altars: false
     0 | D:1      | 0 ||| qw: Do Orc after clearing Dungeon:15 true
     0 | D:1      | 0 ||| qw: Do second Lair branch before Depths: true
     0 | D:1      | 0 ||| qw: Lair rune preference: random
     0 | D:1      | 0 ||| qw: Goals: Normal
     0 | D:1      | 0 ||| PLANNING D:1-11
   136 | D:1      | Reached skill level 6 in Ranged Weapons
   136 | D:1      | Reached XP level 2. HP: 16/16 MP: 4/4
   804 | D:1      | Reached XP level 3. HP: 20/20 MP: 5/5
  1046 | D:1      | 1046 ||| UPGRADING to amulet of regeneration.
  1051 | D:1      | 1051 ||| READING scroll labelled XYODIA UBILA.
  1052 | D:1      | 1052 ||| READING scroll labelled QEYGHI BIGAIR.
  1057 | D:1      | 1057 ||| READING scroll labelled XESELE HAINUE.
  1058 | D:1      | 1058 ||| DRINKING 2 viscous blue potions.
  1059 | D:1      | 1059 ||| DRINKING red potion.
  1064 | D:1      | 1064 ||| DRINKING sapphire potion.
  1167 | D:1      | 1167 ||| DROPPING scroll of butterflies.
  1168 | D:1      | 1168 ||| DROPPING potion of ambrosia.
  1389 | D:2      | Reached skill level 7 in Ranged Weapons
  1528 | D:2      | Reached XP level 4. HP: 25/25 MP: 6/6
  1541 | D:2      | Reached skill level 8 in Ranged Weapons
  1693 | D:2      | Reached XP level 5. HP: 29/29 MP: 7/7
  1698 | D:2      | Noticed Robin
  1729 | D:2      | Killed Robin
  2016 | D:2      | 2016 ||| UPGRADING to +0 ring mail.
  2026 | D:2      | 2026 ||| DROPPING +0 leather armour.
  2027 | D:2      | 2027 ||| UPGRADING to +1 helmet.
  2032 | D:2      | 2032 ||| READING scroll labelled SEWEN MOOBB.
  2133 | D:2      | 2133 ||| READING scroll labelled INEUWU PITITO.
  2134 | D:2      | 2134 ||| READING scroll labelled YBUFEN UWKUO.
  2134 | D:2      | 2134 ||| IDENTIFYING ruby potion
  2698 | D:3      | Noticed Grinder
  2722 | D:3      | Killed Grinder
  2723 | D:3      | Reached skill level 10 in Ranged Weapons
  2723 | D:3      | Reached XP level 6. HP: 20/34 MP: 8/8
  2994 | D:3      | 2994 ||| READING scroll of identify.
  2994 | D:3      | 2994 ||| IDENTIFYING sedimented dark potion
  2995 | D:3      | 2995 ||| READING scroll labelled HUEKOTHR EWUXACK.
  3156 | D:4      | HP: 3/35 [gnoll sergeant/+0 trident (12)]
  3157 | D:4      | 3157 ||| READING scroll of teleportation.
  3158 | D:4      | 3158 ||| DRINKING potion of heal wounds.
  3207 | D:4      | Found a sacrificial altar of Ru.
  3296 | D:4      | Reached skill level 3 in Dodging
  3711 | D:4      | HP: 8/35 [gnoll sergeant/+0 trident (3)]
  3712 | D:4      | HP: 3/35 [gnoll sergeant/+0 trident (6)]
  3714 | D:4      | Reached skill level 1 in Armour
  3714 | D:4      | Reached XP level 7. HP: 4/40 MP: 9/9
  3909 | D:4      | 3909 ||| UPGRADING to ring of poison resistance.
  3910 | D:4      | 3910 ||| UPGRADING to +4 ring of protection.
  3911 | D:4      | 3911 ||| READING scroll labelled PAIGACW BEPLI.
  3952 | D:5      | Entered Level 5 of the Dungeon
  3989 | D:5      | 3989 ||| SWAPPING to +0 orcbow.
  3995 | D:5      | 3995 ||| DROPPING +0 shortbow.
  4014 | D:5      | Reached skill level 11 in Ranged Weapons
  4320 | D:5      | Found a radiant altar of Vehumet.
  4438 | D:5      | 4438 ||| DRINKING potion of curing.
  4438 | D:5      | 4438 ||| (to cure confusion)
  4484 | D:5      | Reached skill level 12 in Ranged Weapons
  4518 | D:5      | Reached XP level 8. HP: 45/45 MP: 10/10
  4863 | D:5      | 4863 ||| UPGRADING to +0 cloak.
  4868 | D:5      | 4868 ||| READING 3 scrolls of identify.
  4868 | D:5      | 4868 ||| IDENTIFYING lumpy sapphire potion
  4869 | D:5      | 4869 ||| READING 2 scrolls of identify.
  4869 | D:5      | 4869 ||| IDENTIFYING scroll labelled YGACAIRCH HEUSS
  4870 | D:5      | 4870 ||| DROPPING scroll of noise.
  4903 | D:6      | Reached skill level 3 in Fighting
  4983 | D:6      | Noticed Menkaure
  4997 | D:6      | 4997 ||| DRINKING potion of haste.
  5001 | D:6      | HP: 1/46 [orc priest/divine providence (13)]
  5002 | D:6      | 5002 ||| READING scroll of teleportation.
  5003 | D:6      | 5003 ||| DRINKING 2 potions of heal wounds.
  5007 | D:6      | HP: 11/46 [something (1)]
  5008 | D:6      | 5008 ||| DRINKING potion of heal wounds.
  5018 | D:6      | Killed Menkaure
  5033 | D:6      | 5033 ||| FLEEEEING.
  5034 | D:6      | 5034 ||| FLEEEEING.
  5035 | D:6      | 5035 ||| FLEEEEING.
  5036 | D:6      | 5036 ||| FLEEEEING.
  5038 | D:6      | 5038 ||| FLEEEEING.
  5039 | D:6      | 5039 ||| FLEEEEING.
  5040 | D:6      | 5040 ||| FLEEEEING.
  5041 | D:6      | 5041 ||| FLEEEEING.
  5042 | D:6      | 5042 ||| FLEEEEING.
  5043 | D:6      | 5043 ||| FLEEEEING.
  5046 | D:6      | 5046 ||| FLEEEEING.
  5047 | D:6      | 5047 ||| FLEEEEING.
  5053 | D:6      | Reached skill level 13 in Ranged Weapons
  5076 | D:6      | Found Qolum's Magic Scroll Emporium.
  5083 | D:6      | 5083 ||| BUYING scroll of brand weapon (133 gold).
  5083 | D:6      | Bought a scroll of brand weapon for 133 gold pieces
  5083 | D:6      | 5083 ||| BUYING scroll of enchant armour (105 gold).
  5083 | D:6      | Bought a scroll of enchant armour for 105 gold pieces
  5083 | D:6      | 5083 ||| BUYING scroll of identify (28 gold).
  5083 | D:6      | Bought a scroll of identify for 28 gold pieces
  5083 | D:6      | 5083 ||| BUYING scroll of identify (28 gold).
  5083 | D:6      | Bought a scroll of identify for 28 gold pieces
  5083 | D:6      | 5083 ||| BUYING scroll of identify (28 gold).
  5083 | D:6      | Bought a scroll of identify for 28 gold pieces
  5083 | D:6      | 5083 ||| BUYING scroll of teleportation (42 gold).
  5083 | D:6      | Bought a scroll of teleportation for 42 gold pieces
  5083 | D:6      | 5083 ||| SHOPLISTING scroll of teleportation (42 gold, have
                  | 17).
  5083 | D:6      | 5083 ||| READING scroll of brand weapon.
  5083 | D:6      | 5083 ||| BRANDING +0 orcbow.
  5084 | D:6      | 5084 ||| READING scroll of enchant armour.
  5084 | D:6      | 5084 ||| ENCHANTING +1 helmet.
  5355 | D:6      | 5355 ||| READING scroll of enchant armour.
  5355 | D:6      | 5355 ||| ENCHANTING +0 cloak.
  5599 | D:6      | Reached skill level 14 in Ranged Weapons
  5602 | D:6      | 5602 ||| DROPPING amulet of guardian spirit.
  5603 | D:6      | 5603 ||| READING 4 scrolls of identify.
  5603 | D:6      | 5603 ||| IDENTIFYING bubbling black potion
  5620 | D:7      | Found a staircase to the Ecumenical Temple.
  5621 | D:7      | 5621 ||| PLANNING TEMPLE
  5644 | Temple   | Entered the Ecumenical Temple
  5645 | Temple   | 5645 ||| PLANNING OKAWARU WORSHIP
  5653 | Temple   | Became a worshipper of Warmaster Okawaru
  5654 | Temple   | 5654 ||| PLANNING D:1-11
  5707 | D:7      | 5707 ||| FLEEEEING.
  5708 | D:7      | 5708 ||| FLEEEEING.
  5709 | D:7      | 5709 ||| FLEEEEING.
  5710 | D:7      | 5710 ||| FLEEEEING.
  5711 | D:7      | 5711 ||| FLEEEEING.
  5728 | D:7      | 5728 ||| FLEEEEING.
  5735 | D:7      | 5735 ||| FLEEEEING.
  5741 | D:7      | 5741 ||| FLEEEEING.
  5742 | D:7      | 5742 ||| FLEEEEING.
  5760 | D:7      | 5760 ||| FLEEEEING.
  5767 | D:7      | 5767 ||| FLEEEEING.
  5786 | D:7      | 5786 ||| FLEEEEING.
  5796 | D:7      | 5796 ||| FLEEEEING.
  5806 | D:7      | 5806 ||| FLEEEEING.
  5808 | D:7      | 5808 ||| FLEEEEING.
  5816 | D:7      | Reached XP level 9. HP: 50/50 MP: 11/11
  5818 | D:7      | 5818 ||| FLEEEEING.
  5841 | D:7      | 5841 ||| FLEEEEING.
  5848 | D:7      | 5848 ||| FLEEEEING.
  5861 | D:7      | 5861 ||| FLEEEEING.
  5869 | D:7      | 5869 ||| FLEEEEING.
  5870 | D:7      | 5870 ||| FLEEEEING.
  5888 | D:7      | 5888 ||| FLEEEEING.
  5898 | D:7      | 5898 ||| FLEEEEING.
  5966 | D:7      | 5966 ||| FLEEEEING.
  5967 | D:7      | 5967 ||| FLEEEEING.
  5972 | D:7      | HP: 10/50 [electric eel/bolt of electricity (10)]
  5972 | D:7      | Killed from afar by an electric eel

Levels and vault maps discovered:
D:1:      dpeg_arrival_tiny_j, layout_basic, serial_bayou_pond_d,
          minmay_tromino_i4
D:2:      layout_basic, uniq_robin
D:3:      layout_loops_corners, uniq_grinder
D:4:      layout_basic, hangedman_ru_absence, minmay_small_thing
D:5:      layout_basic, mainiacjoe_overflow_alcove_2, serial_aquarium,
          aquarium_bridge_square [aquarium_subvault_bridge,
          aquarium_subvault_window, aquarium_subvault_bridge,
          aquarium_subvault_wall], aquarium_window_double, aquarium_window_1,
          aquarium_view_2c, aquarium_view_2a, aquarium_balcony_double_1
D:6:      nicolae_cairo_tiling_large_dashed, layout_basic, serial_shops, shop,
          grunt_decor_resistance, uniq_menkaure
D:7:      layout_basic, elyvilon_altar_4, mainiacjoe_overflow_small_starburst,
          minmay_temple_entry_statues_fountains, kennysheep_boxes
Temple:   hellmonk_temple_of_storms

Skill      XL: |  1  2  3  4  5  6  7  8 |
---------------+-------------------------+-----
Ranged Weapons | 6 7 8 10 12 14 | 14.6
Fighting       | 2 3 |  3.0
Dodging        | 3 5 |  5.1
Armour         | 1 |  1.7
Stealth        | |  1.2

Action                     |  1- 3 |  4- 6 |  7- 9 || total
---------------------------+-------+-------+-------++-------
   Fire: Shortbow          |   110 |   266 |    11 ||   387
         Orcbow            |       |       |   219 ||   219
    Use: Scroll            |     3 |     6 |     8 ||    17
         Potion            |     3 |     1 |     4 ||     8
 Armour: Leather armour    |    11 |    24 |       ||    35
         Ring mail         |       |    68 |   148 ||   216
  Dodge: Dodged            |    24 |    88 |   111 ||   223

Table legend:
 A = Non-vault XP
 B = Vault XP
 C = Vault XP percentage of total XP
 D = Non-vault monster count
 E = Vault monster count
 F = Vault count percentage of total count
                 A         B        C        D         E       F
            +---------+---------+-------+---------+---------+-------
      Total |    2476 |     625 |  20.2 |     118 |      21 |  15.1
            +---------+---------+-------+---------+---------+-------
        D:1 |      34 |       7 |  17.1 |      20 |       4 |  16.7
        D:2 |     153 |      39 |  20.3 |      23 |      13 |  36.1
        D:3 |      42 |     277 |  86.8 |      14 |       1 |   6.7
        D:4 |     163 |     130 |  44.4 |      20 |       2 |   9.1
        D:5 |     581 |       0 |   0.0 |      15 |       0 |   0.0
        D:6 |     934 |     172 |  15.6 |      16 |       1 |   5.9
        D:7 |     569 |       0 |   0.0 |      10 |       0 |   0.0
            +---------+---------+-------+---------+---------+-------
